 Dungeon Crawl Stone Soup version 0.30.0-5-g1a98f26d00 (webtiles) character file.

Game seed: 5371101235401065418

12413 browni3141 the Skirmisher (level 12, -13/102 HPs)
             Began as a Formicid Ice Elementalist on May 12, 2023.
             Was a Follower of Ru.
             Mangled by a white ugly thing (34 damage)
             ... on level 11 of the Dungeon.
             The game lasted 00:28:24 (12470 turns).

browni3141 the Skirmisher (FoIE)                   Turns: 12470, Time: 00:28:25

Health: -13/102    AC:  8    Str: 14    XL:     12   Next: 19%
Magic:  16/16      EV: 18    Int: 15    God:    Ru [*.....]
Gold:   291        SH:  0    Dex: 18    Spells: 10/17 levels left

rFire   . . .        b - +0 shortbow
rCold   . . .        (no shield)
rNeg    . . .        g - +0 steam dragon scales
rPois   +            (helmet unavailable)
rElec   .            s - +1 cloak
rCorr   .            I - +0 pair of gloves
SInv    +            (no boots)
Will    +....        (no amulet)
Stlth   +++          v - ring of poison resistance
HPRegen 0.37/turn    y - +5 ring of evasion
MPRegen 0.15/turn

%: no passive effects
@: unable to read
A: permanent stasis, dig shafts and tunnels, antennae 3, inability to read after
injury 2, four strong arms
a: Dig, Shaft Self, Renounce Religion


You were on level 11 of the Dungeon.
You worshipped Ru.
Ru was aware of your devotion.
You visited 2 branches of the dungeon, and saw 12 of its levels.
You also visited: Sewer.

You collected 874 gold pieces.
You spent 583 gold pieces at shops.

Inventory:

Hand Weapons
 a - the +7 dagger of Frustration {freeze, rC+ Int+5}
   (You found it on level 3 of the Dungeon)

   Int:       It affects your intelligence (+5).
   rC:        It protects you from cold.
 b - a +0 shortbow (weapon)
 d - a +2 morningstar of protection
 z - a +0 longbow
 Y - the +0 flail "Hoorph" {holy, Fly rElec rCorr Str-3}
   (You found it on level 2 of the Dungeon)

   Str:       It affects your strength (-3).
   rElec:     It insulates you from electricity.
   Fly:       It grants you flight.
   rCorr:     It protects you from acid and corrosion.
Missiles
 j - 3 boomerangs of dispersal
 r - 42 poisoned darts
 J - 6 javelins
 Q - a curare-tipped dart
 T - 13 boomerangs
Armour
 f - a +0 cloak
 g - +0 steam dragon scales (worn)
 s - a +1 cloak (worn)
 I - a +0 pair of gloves (worn)
 Z - a +0 robe
Magical Staves
 k - a staff of poison
Jewellery
 v - a ring of poison resistance (left hand)
 y - a +5 ring of evasion (right hand)
 A - a ring of resist corrosion
 D - a ring of protection from fire
 R - a +6 ring of intelligence
 X - a ring of protection from cold
Wands
 e - a wand of mindburst (8)
 p - a wand of polymorph (8)
 P - a wand of paralysis (10)
 S - a wand of digging (5)
 V - a wand of flame (16)
Scrolls
 o - 2 scrolls of amnesia {unknown}
 q - 4 scrolls of vulnerability
 u - 2 scrolls of magic mapping {unknown}
 w - 4 scrolls of enchant weapon {unknown}
 x - 2 scrolls of enchant armour
 B - 2 scrolls of butterflies {unknown}
 G - a scroll of brand weapon {unknown}
 N - a scroll of fear {unknown}
 O - 2 scrolls of fog {unknown}
 U - 7 scrolls of teleportation
 W - a scroll of blinking {unknown}
Potions
 c - 2 potions of cancellation
 h - a potion of attraction
 i - a potion of invisibility
 l - 3 potions of brilliance
 m - a potion of magic
 n - 2 potions of degeneration
 t - a potion of ambrosia
 C - 7 potions of curing
 E - a potion of berserk rage
 F - 3 potions of flight
 H - 2 potions of heal wounds
 K - 5 potions of mutation
 L - a potion of lignification
 M - 4 potions of might


   Skills:
 - Level 12.0 Fighting
 * Level 14.5 Ranged Weapons
 * Level 3.5 Dodging
 + Level 6.3 Stealth
 - Level 3.0 Spellcasting
 - Level 4.0 Ice Magic


You had 10 spell levels left.
You knew the following spells:

 Your Spells              Type           Power      Damage    Failure   Level
o - Ozocubu's Armour      Ice            14%        N/A       12%         3
r - Frozen Ramparts       Ice            28%        1d5       12%         3
z - Freeze                Ice            56%        1d7       3%          1

Your spell library contained the following spells:

 Spells                   Type           Power      Damage    Failure   Level
 Ensorcelled Hibernation  Hex/Ice        16%        N/A       13%         2
 Necrotise                Necr           8%         1d4       21%         1
 Passwall                 Tmut/Erth      1%         N/A       30%         2
 Static Discharge         Conj/Air       4%         2-3/arc   30%         2
 Spider Form              Tmut/Pois      2%         N/A       52%         3
 Vampiric Draining        Necr           2%         2d6       52%         3
 Volatile Blastmotes      Fire/Tloc      4%         2d10      52%         3
 Summon Ice Beast         Ice/Summ       8%         N/A       65%         4
 Airstrike                Air            1%         2d(1-17)  89%         4
 Anguish                  Hex/Necr       1%         N/A       89%         4
 Fulminant Prism          Conj/Hex       1%         3d5       89%         4
 Iskenderun's Mystic Bla  Conj/Tloc      2%         2d3       89%         4
 Summon Lightning Spire   Summ/Air       2%         N/A       89%         4
 Agony                    Necr           2%         N/A       99%         5
 Lee's Rapid Deconstruct  Erth           1%         3d4*      99%         5
 Swiftness                Air            Unusable   N/A       N/A         3

Dungeon Overview and Level Annotations

Branches:
Dungeon (10/15)            Temple (1/1) D:7            Lair (0/5) D:8
  Sewer (visited)
    Orc: D:9-12

Altars:
Ashenzari
Cheibriados
Dithmenos
Elyvilon
Fedhas
Gozag
Hepliaklqana
Kikubaaqudgha
Makhleb
Nemelex Xobeh
Okawaru
Qazlal
Ru
Sif Muna
Trog
Uskayaw
Vehumet
Wu Jian
Xom
Yredelemnul
Zin
The Shining One

Shops:
D:6 [   D:7 =   D:8 !


Innate Abilities, Weirdness & Mutations

You cannot be hasted, slowed, berserked, paralysed or teleported.
You can dig through walls and to a lower floor.
You have a pair of large antennae on your head. (SInv)
You sometimes lose the ability to read scrolls when taking damage.
Your four strong arms can wield two-handed weapons with a shield.


Message History

An orc is nearby!
An orc is nearby!
You are too injured to fight recklessly!
The +7 dagger of Frustration {freeze, rC+ Int+5} stops glowing.
b - a +0 shortbow (weapon)
You are too injured to fight recklessly!
You are too injured to fight recklessly!
You are too injured to fight recklessly!
Unknown command.
Fire: b) +0 shortbow
Press: ? - help, Q - select action, (/) - cycle Shift-Dir - straight line, f - orc
Aim: an orc, wielding a +0 short sword (73% to hit)
You shoot an arrow. The arrow hits the orc.
The orc is severely wounded.
Fire: b) +0 shortbow
Press: ? - help, Q - select action, (/) - cycle Shift-Dir - straight line, f/p - orc
Aim: an orc, wielding a +0 short sword (severely wounded, 73% to hit)
You shoot an arrow. The arrow hits the orc!
You kill the orc!
Magic restored.
An orc comes into view. It is wielding a +0 flail.
An orc is nearby!
An orc is nearby!
You are too injured to fight recklessly!
You are too injured to fight recklessly!
You are too injured to fight recklessly!
Fire: b) +0 shortbow
Press: ? - help, Q - select action, (/) - cycle Shift-Dir - straight line, f - orc
Aim: an orc, wielding a +0 flail and wearing a +0 chain mail (wandering, hasn't noticed you, 78% to hit)
You shoot an arrow. The orc shouts!
The arrow hits the orc.
You kill the orc!
You hear a horrible gurgling sound!
A white ugly thing is nearby!
You are too injured to fight recklessly!
Fire: b) +0 shortbow
Press: ? - help, Q - select action, (/) - cycle Shift-Dir - straight line, f - white ugly thing
Aim: a white ugly thing (wandering, hasn't noticed you, 73% to hit)
You shoot an arrow. The white ugly thing gurgles horribly!
The arrow hits the white ugly thing.
The white ugly thing is lightly wounded.
Fire: b) +0 shortbow
Press: ? - help, Q - select action, (/) - cycle Shift-Dir - straight line, f/p - white ugly thing
Aim: a white ugly thing (lightly wounded, 73% to hit)
You shoot an arrow. The arrow hits the white ugly thing!
The white ugly thing is moderately wounded.
Fire: b) +0 shortbow
Press: ? - help, Q - select action, (/) - cycle Shift-Dir - straight line, f/p - white ugly thing
Aim: a white ugly thing (moderately wounded, 73% to hit)
You shoot an arrow.
The arrow hits the white ugly thing but does no damage.
The white ugly thing is moderately wounded.
Fire: b) +0 shortbow
Press: ? - help, Q - select action, (/) - cycle Shift-Dir - straight line, f/p - white ugly thing
Aim: a white ugly thing (moderately wounded, 73% to hit)
You shoot an arrow. The arrow hits the white ugly thing.
The white ugly thing is moderately wounded.
Items here: )) [[ †.
Unknown command.
Aiming: Mindburst
Press: ? - help, Shift-Dir - straight line, f/p - white ugly thing
Aim: a white ugly thing (moderately wounded, chance to affect: 47%)
The white ugly thing's mind is blasted!
Aiming: Mindburst
Press: ? - help, Shift-Dir - straight line, f/p - white ugly thing
Aim: a white ugly thing (heavily wounded, chance to affect: 47%)
The white ugly thing resists with some effort.
Aiming: Mindburst
Press: ? - help, Shift-Dir - straight line, f/p - white ugly thing
Aim: a white ugly thing (heavily wounded, chance to affect: 47%)
The white ugly thing resists with some effort.
The white ugly thing claws you. The white ugly thing freezes you!!
You feel threatened and lose the ability to read scrolls!
Aiming: Mindburst
Press: ? - help, Shift-Dir - straight line, f/p - white ugly thing
Aim: a white ugly thing (heavily wounded, chance to affect: 47%)
The white ugly thing resists with some effort.
The white ugly thing completely misses you.
Aiming: Mindburst
Press: ? - help, Shift-Dir - straight line, f/p - white ugly thing
Aim: a white ugly thing (heavily wounded, chance to affect: 47%)
The white ugly thing resists with some effort.
The white ugly thing claws you but does no damage.
Aiming: Mindburst
Press: ? - help, Shift-Dir - straight line, f/p - white ugly thing
Aim: a white ugly thing (heavily wounded, chance to affect: 47%)
The white ugly thing's mind is blasted!
The white ugly thing claws you!
* * * LOW HITPOINT WARNING * * *
The white ugly thing freezes you!
* * * LOW HITPOINT WARNING * * *
Aiming: Mindburst
Press: ? - help, Shift-Dir - straight line, f/p - white ugly thing
Aim: a white ugly thing (severely wounded, chance to affect: 47%)
The white ugly thing resists with some effort.
The white ugly thing claws you!
* * * LOW HITPOINT WARNING * * *
The white ugly thing freezes you!!
You die...

) ### # ##. #.# .# #
#.)##.##)# ...#)......
#......## .#
##.##..#.### .#
#.......##.### #.####
..##.).#u#.#..###....#
#..#.).@.##..##....#
#.#.#########.##....#
# # #........#
##.......# ###.....#
#.....# #.##### #.#
#.#


You could see a white ugly thing.

Vanquished Creatures
  A two-headed ogre (D:10)
  A centaur warrior (D:8)
  Maurice (D:8)
  A komodo dragon (D:11)
  Psyche (D:9)
  A troll (D:11)
  A shadow (D:10)
  2 steam dragons
  7 yaks (D:8)
  2 wargs (D:11)
  2 orc warriors
  A sky beast (D:7)
  A black bear (D:7)
  3 ice beasts
  An ogre (D:7)
  11 centaurs
  4 phantoms
  8 kobold brigands (Sewer)
  4 bullfrogs
  4 gnoll sergeants
  A scorpion (D:3)
  10 killer bees
  3 electric eels (D:7)
  2 jellies
  An orc priest (D:10)
  8 hounds
  A sleepcap (D:5)
  Ijyb (D:3)
  2 iguanas (D:6)
  16 orc wizards
  Natasha (thrice) (D:3)
  11 adders
  16 gnolls
  2 river rats
  2 shadow imps (D:8)
  A white imp (D:6)
  An ufetubus (D:5)
  2 worms
  3 dart slugs
  42 orcs
  3 bats
  12 endoplasms
  4 giant cockroaches
  3 goblins
  7 hobgoblins
  4 jackals (D:4)
  11 kobolds
  8 quokkas
  7 ball pythons
  5 frilled lizards
  13 rats
262 creatures vanquished.

Vanquished Creatures (others)
  An orc wizard (D:5)
  An orc (D:5)
2 creatures vanquished.

Grand Total: 264 creatures vanquished

Notes
Turn   | Place    | Note
-------+----------+-------------------------------------------
     0 | D:1      | browni3141 the Formicid Ice Elementalist began the quest
                  | for the Orb.
     0 | D:1      | Reached XP level 1. HP: 13/13 MP: 3/3
   150 | D:1      | Reached XP level 2. HP: 16/21 MP: 1/5
   702 | D:1      | Reached XP level 3. HP: 22/27 MP: 3/6
  1054 | D:2      | Found a radiant altar of Vehumet.
  1062 | D:2      | Reached skill level 3 in Stealth
  1279 | D:2      | Reached XP level 4. HP: 32/34 MP: 2/7
  1334 | D:2      | Identified the +0 flail "Hoorph" {holy, Fly rElec rCorr
                  | Str-3}
  1695 | D:3      | Noticed Natasha
  1711 | D:2      | Learned a level 3 spell: Frozen Ramparts
  1715 | D:2      | Learned a level 3 spell: Ozocubu's Armour
  1728 | D:3      | Killed Natasha
  1843 | D:3      | Noticed a centaur
  1852 | D:3      | Killed a centaur
  1853 | D:3      | Reached skill level 3 in Fighting
  1853 | D:3      | Reached skill level 3 in Dodging
  1853 | D:3      | Reached XP level 5. HP: 37/41 MP: 0/8
  1876 | D:3      | Found a blossoming altar of Fedhas.
  2020 | D:3      | Found a glowing drain.
  2076 | Sewer    | Entered a sewer
  2122 | Sewer    | Noticed a kobold brigand
  2127 | Sewer    | Killed a kobold brigand
  2128 | Sewer    | Reached skill level 1 in Ranged Weapons
  2128 | Sewer    | Reached XP level 6. HP: 42/48 MP: 9/9
  2233 | Sewer    | Reached skill level 2 in Ranged Weapons
  2386 | Sewer    | Reached skill level 3 in Ranged Weapons
  2386 | Sewer    | Reached XP level 7. HP: 51/54 MP: 10/10
  2622 | Sewer    | Reached skill level 4 in Ranged Weapons
  2627 | Sewer    | Reached skill level 6 in Stealth
  2840 | Sewer    | Reached skill level 5 in Ranged Weapons
  2840 | Sewer    | Reached XP level 8. HP: 50/60 MP: 11/11
  2974 | D:3      | Noticed Natasha
  2980 | D:3      | Killed Natasha
  2999 | D:3      | Noticed Natasha
  3005 | D:3      | Killed Natasha
  3006 | D:3      | Reached skill level 6 in Ranged Weapons
  3061 | D:3      | Identified the +7 dagger of Frustration {freeze, rC+ Int+5}
  3133 | D:3      | Noticed Ijyb
  3146 | D:3      | Killed Ijyb
  4189 | D:4      | Reached skill level 7 in Ranged Weapons
  4196 | D:4      | Found a shimmering altar of Xom.
  4196 | D:4      | Found an ancient bone altar of Kikubaaqudgha.
  4319 | D:5      | Entered Level 5 of the Dungeon
  4474 | D:5      | Found a snail-covered altar of Cheibriados.
  4606 | D:5      | Reached skill level 8 in Ranged Weapons
  4606 | D:5      | Reached XP level 9. HP: 37/65 MP: 5/12
  4740 | D:5      | You fall into a shaft and drop 3 floors!
  4745 | D:8      | Noticed a centaur warrior
  4751 | D:8      | Killed a centaur warrior
  4752 | D:8      | Reached skill level 9 in Ranged Weapons
  5013 | D:6      | Reached skill level 10 in Ranged Weapons
  5288 | D:6      | Found a glowing golden altar of the Shining One.
  5454 | D:6      | Identified the +4 sling of Impatience {speed, *Corrode
                  | rElec Int+5}
  5628 | D:5      | Found a radiant altar of Vehumet.
  5649 | D:5      | Reached skill level 3 in Spellcasting
  5859 | D:6      | Found Nefiruuv's Armour Boutique.
  6172 | D:7      | Reached skill level 11 in Ranged Weapons
  6174 | D:7      | Found Rezyriji's Jewellery Shoppe.
  6238 | D:7      | Reached XP level 10. HP: 70/71 MP: 14/14
  6304 | D:7      | Found an opulent altar of Gozag.
  6901 | D:7      | Found a staircase to the Ecumenical Temple.
  7037 | Temple   | Entered the Ecumenical Temple
  7037 | Temple   | Found a transporter.
  7037 | Temple   | Found a transporter.
  7039 | Temple   | Found a transporter.
  7039 | Temple   | Found a transporter.
  7071 | Temple   | Became a worshipper of Ru the Awakened
  7193 | D:7      | Found a hazy altar of Hepliaklqana.
  7317 | D:7      | Reached skill level 12 in Ranged Weapons
  7688 | D:8      | Found Zehyps Bisae's Distillery.
  7702 | D:8      | Bought a potion of experience for 550 gold pieces
  7702 | D:8      | Bought a potion of curing for 33 gold pieces
  7702 | D:8      | Reached XP level 11. HP: 95/95 MP: 15/15
  7740 | D:8      | Noticed a death yak
  7742 | D:8      | Noticed a death yak
  8120 | D:8      | Noticed Maurice
  8155 | D:8      | Reached skill level 13 in Ranged Weapons
  8159 | D:8      | HP: 4/95 [disintegration (18)]
  8160 | D:8      | Killed Maurice
  8466 | D:8      | Found a staircase to the Lair.
  8512 | D:8      | Noticed a death yak
  9342 | D:9      | Noticed Psyche
  9355 | D:9      | Killed Psyche
  9461 | D:9      | Gained mutation: You occasionally lose the ability to read
                  | scrolls when taking damage. [Ru sacrifice]
  9461 | D:9      | Gained mutation: You sometimes lose the ability to read
                  | scrolls when taking damage. [Ru sacrifice]
  9461 | D:9      | Reached * piety under Ru
 10535 | D:10     | Entered Level 10 of the Dungeon
 10535 | D:10     | Noticed a two-headed ogre
 10833 | D:10     | Reached skill level 14 in Ranged Weapons
 11234 | D:10     | Killed a two-headed ogre
 11235 | D:10     | Reached XP level 12. HP: 77/102 MP: 11/16
 11769 | D:8      | Found an ornate altar of the Wu Jian Council.
 11901 | D:8      | You fall into a shaft and drop 3 floors!
 12430 | D:11     | Reached skill level 12 in Fighting
 12470 | D:11     | Mangled by a white ugly thing

Illustrated notes

Levels and vault maps discovered:
D:1:      spicycebolla_arrival_clurvy, layout_rooms, hangedman_decor_push,
          dk_noncrumbling_2, grunt_decor_arrowhead
D:2:      layout_rooms, basic_altar, chequers_serial_rivers_small_a
D:3:      layout_basic, overflow_temple_1_default, gup_sewer_entry_bowl,
          uniq_natasha, uniq_ijyb
D:4:      layout_basic, jmf_multi_god_temple, serial_aquarium,
          aquarium_bridge_straight [aquarium_subvault_bridge,
          aquarium_subvault_wall, aquarium_subvault_bridge,
          aquarium_subvault_window], aquarium_window_corridor_3,
          aquarium_window_fake, aquarium_view_2a, aquarium_balcony_3a,
          aquarium_pool_five
D:5:      layout_basic, mainiacjoe_overflow_catwalk_spiral,
          kennysheep_decorative_pillar
D:6:      layout_loops_ring, nicolae_tso_carved_into_rock, serial_shops, shop,
          kennysheep_generic_room_12
D:7:      layout_rooms, nicolae_hepliaklqana_hippocampus,
          nicolae_gozag_cash_rules_everything_around_me,
          minmay_temple_entry_fiery, serial_shops, nicolae_shop_gaudy_bauble,
          chequers_big_river, serial_bayou_crossing
D:8:      layout_loops_ring, nzn_wu_jian_contemplation, dpeg_lair_monsters,
          serial_shops, shop, kennysheep_flooded_box, kennysheep_just_a_vault,
          uniq_maurice
D:9:      layout_loops_corners, centaur_isle, uniq_psyche
D:10:     layout_roguey, grunt_ministairs_14
D:11:     layout_rooms, erik_orc_3, nicolae_ru_path_of_blood
Temple:   hellmonk_temple_divided_pantheon

Skill      XL: |  1  2  3  4  5  6  7  8  9 10 11 12 |
---------------+-------------------------------------+-----
Fighting       | 1 2 3 4 11 12 | 12.0
Dodging        | 2 3 |  3.5
Stealth        | 3 4 5 6 |  6.3
Ranged Weapons | 1 3 5 8 11 12 14 | 14.5
Spellcasting   | 3 |  3.0
Ice Magic      | |  4.0

Action                     |  1- 3 |  4- 6 |  7- 9 | 10-12 || total
---------------------------+-------+-------+-------+-------++-------
  Melee: Unarmed           |    24 |     4 |       |     4 ||    32
         Dagger            |       |    16 |   115 |   123 ||   254
         Punch             |       |     1 |     1 |     3 ||     5
   Fire: Shortbow          |       |    48 |   237 |   410 ||   695
   Cast: Freeze            |    62 |    15 |       |     7 ||    84
         Frozen Ramparts   |       |     3 |    12 |    31 ||    46
         Ozocubu's Armour  |       |     1 |     7 |     5 ||    13
 Invoke: Sacrifice Words   |       |       |       |     1 ||     1
Ability: Dig               |       |       |       |     1 ||     1
         Shaft Self        |       |       |       |     1 ||     1
  Evoke: Wand              |       |     4 |     5 |    11 ||    20
    Use: Scroll            |       |     1 |       |    14 ||    15
         Potion            |       |       |       |     2 ||     2
   Stab: Sleeping          |       |       |     6 |       ||     6
         Paralysed         |       |       |       |     1 ||     1
 Armour: Robe              |     9 |    27 |    53 |     6 ||    95
         Steam dragon scal |       |       |       |    37 ||    37
  Dodge: Dodged            |    50 |    42 |   177 |   278 ||   547
